 Dungeon Crawl Stone Soup version 0.21-a0-634-gaf8bc5d (webtiles) character file.

23 theanonym the Ruffian (level 2, -2/28 HPs)
             Began as an Ogre Transmuter on Dec 29, 2017.
             Slain by an adder (4 damage)
             ... on level 2 of the Dungeon.
             The game lasted 00:01:22 (1263 turns).

theanonym the Ruffian (Ogre Transmuter)             Turns: 1263, Time: 00:01:23

Health: -2/28      AC:  3    Str: 13    XL:     2   Next: 95%
Magic:  4/5        EV:  9    Int: 14    God:
Gold:   88         SH:  0    Dex:  9    Spells: 2/5 levels left

rFire    . . .     SeeInvis .     - Unarmed
rCold    . . .     Gourm    .   (no shield)
rNeg     . . .     Faith    .   b - +0 robe {0}
rPois    .         Spirit   .   (helmet restricted)
rElec    .         Reflect  .   (no cloak)
rCorr    .         Harm     .   (gloves unavailable)
MR       .....                  (boots unavailable)
Stlth    +.........             (no amulet)
HPRegen  0.09/turn              (no ring)
MPRegen  0.09/turn              (no ring)

@: appendage (expiring), flying, drained
A: large, unfitting armour, talons 3, tough skin 1
a: End Transformation


Innate Abilities, Weirdness & Mutations

You are too large for most types of armour.
You have tough skin. (AC +1)
You have claws for feet.


   Skills:
 + Level 2.1(1.2) Fighting
 - Level 1.7(0.9) Dodging
 * Level 3.2(2.3) Unarmed Combat
 - Level 2.4(1.5) Spellcasting
 + Level 2.1(1.3) Transmutations


You had 2 spell levels left.
You knew the following spells:

 Your Spells              Type           Power        Failure   Level  Hunger
a - Beastly Appendage     Tmut           #.....       14%         1    ##.....
b - Sticks to Snakes      Tmut           #.......     22%         2    ###....

Skill      XL: |  1  2 |
---------------+-------+-----
Unarmed Combat | 3 |  3.2
Transmutations | 2 |  2.1
Fighting       | 2 |  2.1
Dodging        | |  1.7
Spellcasting   | |  2.4

Action                   || total
-------------------------++-------
Melee: Unarmed           ||    83
       Punch             ||     1
 Cast: Beastly Appendage ||     3
  Use: Potion            ||     1
  Eat: Ration            ||     1
Armor: Robe              ||    24
Dodge: Dodged            ||    36

Inventory:

Missiles
 a - 12 arrows
Armour
 b - a +0 robe (worn) {0}
Scrolls
 d - a scroll of enchant armour {unknown}
 f - a scroll of amnesia {unknown}
 h - a scroll of identify {unknown}
Potions
 i - a potion of curing {unknown}
 j - a potion of invisibility {unknown}
 k - a potion of haste {unknown}
 m - a potion of might {unknown}
Books
 c - a book of Changes
Comestibles
 e - a ration
 l - 2 chunks of flesh


You were on level 2 of the Dungeon.
You were not hungry.
You had grown temporary talons.
You visited 1 branch of the dungeon, and saw 2 of its levels.

You collected 88 gold pieces.

Dungeon Overview and Level Annotations

Branches:
Dungeon (2/15)

Altars:
Vehumet


Message History

The kobold throws a stone.
The stone closely misses you.
The kobold throws a stone.
The stone barely misses you.
Found a scroll labeled XYPPA FAHOH.
Found a radiant altar of Vehumet.
You see here a stone.
The kobold throws a stone.
The stone hits you but does no damage.
You see here a stone.
You hit the kobold but do no damage. The kobold hits you but does no damage.
You closely miss the kobold. The kobold completely misses you.
You hit the kobold.
You kill the kobold!
No target in view!
No target in view!
No target in view!
No target in view!
Unknown command.
You see here a stone.
You see here a stone.
You now have 88 gold pieces (gained 7).
e - a ration
d - a scroll labeled XYPPA FAHOH
j - a sedimented silvery potion
Found a robe.
k - a ruby potion
Found a stone staircase leading down.
A giant cockroach comes into view.
A giant cockroach is nearby!
A giant cockroach is nearby!
Found a viscous golden potion.
The giant cockroach closely misses you.
You hit the giant cockroach but do no damage.
The giant cockroach barely misses you.
You closely miss the giant cockroach. The giant cockroach closely misses you.
You hit the giant cockroach. The giant cockroach bites you.
You take 2 damage, and have 26/28 hp.
You barely miss the giant cockroach. The giant cockroach barely misses you.
The giant cockroach bites you.
You take 1 damage, and have 25/28 hp.
You barely miss the giant cockroach.
The giant cockroach bites you but does no damage.
You barely miss the giant cockroach.
The giant cockroach bites you but does no damage.
You barely miss the giant cockroach. The giant cockroach closely misses you.
You hit the giant cockroach.
The giant cockroach completely misses you.
You hit the giant cockroach but do no damage.
The giant cockroach bites you. The giant cockroach misses you.
You take 1 damage, and have 25/28 hp.
You hit the giant cockroach.
You kill the giant cockroach!
No target in view!
No target in view!
No target in view!
You butcher the giant cockroach corpse.
l - 2 chunks of flesh
Found 11 bolts and 16 sling bullets.
Health restored: 28
m - a viscous golden potion An adder comes into view.
The adder hisses angrily.
Found a leather armour.
An adder is nearby!
You closely miss the adder. The adder barely misses you.
You barely miss the adder. The adder barely misses you. x2
You closely miss the adder. The adder barely misses you.
You closely miss the adder. The adder bites you.
You take 5 damage, and have 23/28 hp.
You miss the adder. The adder closely misses you.
You hit the adder. Your punch misses the adder. The adder barely misses you.
The adder bites you but does no damage.
You barely miss the adder. The adder bites you.
You miss the adder. The adder bites you.
You take 2 damage, and have 21/28 hp.
You hit the adder but do no damage. The adder bites you. x2
You take 6 damage, and have 15/28 hp.
MASSIVE DAMAGE!!
You barely miss the adder. The adder bites you.
You take 5 damage, and have 10/28 hp.
You are too injured to fight recklessly!
You are too injured to fight recklessly!
You are too injured to fight recklessly!
Your feet morph into talons.
The adder bites you.
* * * LOW HITPOINT WARNING * * *
You take 2 damage, and have 8/28 hp.
You now have 4/5 mp.
You miss the adder. The adder bites you but does no damage.
You closely miss the adder. Your punch misses the adder. The adder bites you.
* * * LOW HITPOINT WARNING * * *
You take 2 damage, and have 6/28 hp.
You miss the adder. Your kick misses the adder.
Your transformation is almost over.
The adder bites you.
* * * LOW HITPOINT WARNING * * *
The adder bites you but does no damage.
You take 3 damage, and have 3/28 hp.
The adder bites you.
* * * LOW HITPOINT WARNING * * *
You take 2 damage, and have 1/28 hp.
Okay, then.
It was a potion of flight.
You feel very buoyant.
You fly up into the air.
The adder bites you.
You die...

.......#.##..###.####.
........##...###. ...
....##.............[# #
...##.#......>#####.#.#
##.#(##.......#####.#.
##.###....###.##.....
.........## #.##.##.#
##......## #.##.##.#
#.######## #...@S..#
#...####.######.####
###.....#.......#
######.######## ###


You could see an adder.

Notes
Turn   | Place    | Note
-------+----------+-------------------------------------------
     0 | D:1      | theanonym the Ogre Transmuter began the quest for the Orb.
     0 | D:1      | Reached XP level 1. HP: 19/19 MP: 3/3
    50 | D:1      | Reached skill level 3 in Unarmed Combat
    50 | D:1      | Reached skill level 2 in Transmutations
    50 | D:1      | Reached XP level 2. HP: 16/28 MP: 5/5
   185 | D:1      | Learned a level 2 spell: Sticks to Snakes
   799 | D:1      | Reached skill level 2 in Fighting
  1094 | D:2      | Found a radiant altar of Vehumet.
  1255 | D:2      | HP: 10/28 [adder (5)]
  1259 | D:2      | HP: 3/28 [adder (3)]
  1262 | D:2      | HP: 1/28 [adder (2)]
  1263 | D:2      | Slain by an adder

Vanquished Creatures
  An ooze (D:1)
  A dart slug (D:2)
  A bat (D:1)
  A giant cockroach (D:2)
  4 goblins (D:1)
  A hobgoblin (D:1)
  3 frilled lizards (D:1)
  3 kobolds
  A rat (D:1)
16 creatures vanquished.

Table legend:
 A = Turns spent in this place as a percentage of turns spent in the entire game.
 B = Non-inter-level travel turns spent in this place as a percentage of non-inter-level travel turns spent in the entire game.
 C = Inter-level travel turns spent in this place as a percentage of turns spent in this place.
 D = Turns resting spent in this place as a percentage of non-inter-level travel turns spent in this place.
 E = Turns spent auto-exploring this place as a percentage of non-inter-level travel turns spent in this place.
 F = Non-inter-level travel turns spent in this place divided by the number of levels of this place that you've seen.
                   A       B       C       D       E      F
               +-------+-------+-------+-------+-------+----------------------
         Total | 100.0 | 100.0 |   3.3 |  34.8 |  52.2 | 610.5
       Dungeon | 100.0 | 100.0 |   3.3 |  34.8 |  52.2 | 610.5
               +-------+-------+-------+-------+-------+----------------------
